 Dungeon Sprint DCSS version 0.18.1-50-g88ac8fd (webtiles) character file.

968 Kagutsuchi the Fighter (level 7, -1/74 HPs)
             Began as a White Draconian Berserker on Oct 21, 2016.
             Was an Initiate of Jiyva.
             Succumbed to a wasp's poison
             ... in the Dungeon (Sprint II: "The Violet Keep of Menkaure").
             The game lasted 00:03:57 (296 turns).

Kagutsuchi the Fighter (White Draconian Berserker)   Turns: 296, Time: 00:03:58

Health: -1/74      AC:  6    Str: 22    XL:     7   Next: 93%
Magic:  7/7        EV: 17    Int:  7    God:    Jiyva [......]
Gold:   1          SH:  0    Dex: 12    Spells: 0 memorised, 6 levels left

rFire  . . .     SeeInvis +     a - +0 falchion
rCold  + . .     Gourm    .     (armour unavailable)
rNeg   . . .     Faith    .     (no shield)
rPois  .         Spirit   .     (helmet restricted)
rElec  .         Dismiss  .     (no cloak)
rCorr  .         Reflect  .     (no gloves)
SustAt .         Harm     .     (no boots)
MR     .....     NoTele   +     (no amulet)
Stlth  +.........               (no ring)
                                (no ring)

@: lethally poisoned (-1 -> -9), short of breath, not resistant to hostile
enchantments, very unstealthy
A: breathe frost, unfitting armour, antennae 1, stinger 2, see invisible, cold
resistance 1, deterioration 1, strong 1, cold-blooded, AC +6
a: Breathe Frost, Renounce Religion


You were in the Dungeon.
You worshipped Jiyva.
Jiyva was noncommittal.
You were not hungry.

You visited 1 branch You collected 486 gold pieces.
You spent 485 gold pieces at shops.

Inventory:

Hand Weapons
 a - a +0 falchion (weapon)
Scrolls
 h - a scroll of blinking
Potions
 e - a potion of haste
 f - 4 potions of magic
 g - a potion of berserk rage
 j - a potion of resistance
Comestibles
 b - a bread ration


   Skills:
 + Level 11.1 Fighting
 + Level 10.4 Long Blades
 + Level 9.9 Dodging


You had 6 spell levels left.
You didn't know any spells.

Dungeon Overview and Level Annotations

Branches:
Dungeon (1/1)

Altars:
Cheibriados
Dithmenos
Elyvilon
Fedhas
Gozag
Kikubaaqudgha
Makhleb
Nemelex Xobeh
Okawaru
Pakellas
Qazlal
Ru
Sif Muna
Trog
Vehumet
Xom
Yredelemnul
Zin
The Shining One
Beogh
Jiyva
Lugonu

Shops:
D :((=}[:(![?}!%==

Annotations:
D exclusions: obsidian statue, oklob plant and orange crystal statue


Innate Abilities, Weirdness & Mutations

You can breathe waves of freezing cold.
You can buffet flying creatures when you breathe cold.
Your icy white scales are hard (AC +6).
Your body does not fit into most forms of armour.
Your flesh is cold resistant.
You are cold-blooded and may be slowed by cold attacks.
You have a pair of small antennae on your head.
Your tail ends in a sharp poisonous barb.
You have supernaturally acute eyesight.
Your body sometimes deteriorates upon taking damage.
Your muscles are strong. (Str +2)


Message History

* * * LOW HITPOINT WARNING * * *
You barely miss the polar bear.
The polar bear is lightly wounded.
* * * LOW HITPOINT WARNING * * *
You feel sick.
The polar bear bites you but does no damage.
The polar bear closely misses you. x2; The wasp completely misses you.
The polar bear closely misses you. The polar bear barely misses you. x2
You slash the polar bear!
The polar bear is moderately wounded.
* * * LOW HITPOINT WARNING * * *
You feel sick. The wasp barely misses you. The polar bear barely misses you.
The polar bear completely misses you.
The polar bear claws you but does no damage.
The wasp completely misses you. The polar bear completely misses you.
The polar bear misses you. The polar bear barely misses you.
You hit the polar bear.
The polar bear is moderately wounded.
You feel yourself speed up.
You die...

#....#{ ...# ###..## #..#
$#▓[?()[)[[▓▓ # {##..# +..#
c#▓!(?=!)!?▓▓ ## #..#{ #..#
h#▓!)%$!$!!▓ .+
+..####..##.#▓%$[!!$?( ##
#....###^..##▓▓▓▓▓▓▓+▓▓ ##
#......≈≈≈≈≈≈≈≈≈≈≈≈≈.. .##
#≈≈....§≈#'########+###
#.#≈≈≈≈≈≈≈§.≈#hh@_._._#t≈§#
.##≈≈≈≈≈§≈§.≈#.hy._._.#t≈≈§#
##≈≈≈≈≈≈≈§≈§≈#._._._._#§≈≈§§
≈≈≈§≈≈≈≈≈≈§§≈#J._._._.#§≈≈≈§
+++#≈≈≈≈§§§≈≈#._._._..#≈§§§
§ ##§≈≈###≈≈#_._._...#≈≈≈≈ ≈
#≈≈#._._....#≈§§§ ≈§
#§≈#........#≈§§≈ §≈
≈≈§§##########§§§≈


You could see 3 polar bears, 2 crocodiles, a wasp and a neutral jelly (fellow
slime).

Vanquished Creatures
  A yaktaur (D)
  2 hippogriffs (D)
  Menkaure (D)
  4 necrophages (D)
8 creatures vanquished.

Vanquished Creatures (others)
  A crocodile (D)
1 creature vanquished.

Grand Total: 9 creatures vanquished

Notes
Turn   | Place    | Note
--------------------------------------------------------------
     0 | D        | Kagutsuchi the Draconian Berserker began the quest for the Orb.
     0 | D        | Reached XP level 1. HP: 19/19 MP: 1/1
     1 | D        | Noticed a hippogriff
     1 | D        | Noticed a hippogriff
     7 | D        | Killed a hippogriff
     7 | D        | Reached skill level 7 in Fighting
     7 | D        | Reached skill level 5 in Dodging
     7 | D        | Reached XP level 2. HP: 31/34 MP: 2/2
     7 | D        | Reached XP level 3. HP: 36/39 MP: 3/3
     7 | D        | Reached XP level 4. HP: 43/47 MP: 4/4
    11 | D        | Killed a hippogriff
    11 | D        | Reached ** piety under Trog
    11 | D        | Reached skill level 8 in Fighting
    11 | D        | Reached XP level 5. HP: 42/56 MP: 5/5
    22 | D        | Noticed an orange crystal statue
    39 | D        | Noticed a necrophage
    39 | D        | Noticed a necrophage
    39 | D        | Noticed a necrophage
    39 | D        | Noticed a necrophage
    46 | D        | Killed a necrophage
    46 | D        | Reached skill level 9 in Fighting
    46 | D        | Reached XP level 6. HP: 47/63 MP: 6/6
    65 | D        | Reached skill level 10 in Fighting
    65 | D        | Your scales start taking on an icy white colour.
    65 | D        | Reached XP level 7. HP: 28/72 MP: 7/7
    65 | D        | Gained mutation: Your flesh is cold resistant. [White Draconian growth]
    79 | D        | Found Obleclyo's Jewellery Shop.
    80 | D        | Found Wusesh's Distillery.
    80 | D        | Found Kedeva's Gadget Shop.
    80 | D        | Found Peawuc's Antique Armour Boutique.
    80 | D        | Found Ezewkuan's Distillery.
    80 | D        | Found Haneytai's Gadget Shop.
    80 | D        | Found Atwutogi's Weapon Shop.
    80 | D        | Found Ycugeos's Magic Scroll Shop.
    80 | D        | Found Cecw's Jewellery Boutique.
    80 | D        | Found Zeq Navodomo's Food Shop.
    80 | D        | Found Orest's Book Boutique.
    81 | D        | Found Luzeq's Jewellery Boutique.
    81 | D        | Found Xyafywne's Antique Armour Shop.
    81 | D        | Found Papith's Antique Weapon Shop.
    81 | D        | Found Joxky's Antique Weapon Boutique.
    83 | D        | Noticed a hell hog
    84 | D        | Noticed Menkaure
    84 | D        | Noticed a hell hog
    84 | D        | Noticed an oklob plant
    85 | D        | Found Aniyzxeh's Book Shoppe.
    86 | D        | Noticed a yak
    87 | D        | Noticed a yak
    87 | D        | Noticed a yak
    89 | D        | Bought a potion of mutation for 30 gold pieces
    89 | D        | Bought a potion of resistance for 120 gold pieces
    89 | D        | Bought a potion of heal wounds for 60 gold pieces
    89 | D        | Bought a potion of mutation for 30 gold pieces
    89 | D        | Gained mutation: Your tail ends in a poisonous barb. [potion of mutation]
    89 | D        | Gained mutation: Your body sometimes deteriorates upon taking damage. [potion of mutation]
    89 | D        | Gained mutation: You have supernaturally acute eyesight. [potion of mutation]
    90 | D        | Gained mutation: You have a pair of small antennae on your head. [potion of mutation]
    90 | D        | Gained mutation: Your tail ends in a sharp poisonous barb. [potion of mutation]
   100 | D        | Killed Menkaure
   109 | D        | Bought a potion of mutation for 25 gold pieces
   109 | D        | Bought 2 potions of magic for 160 gold pieces
   109 | D        | Bought a potion of curing for 30 gold pieces
   109 | D        | Bought a potion of curing for 30 gold pieces
   109 | D        | Gained mutation: Your muscles are strong. (Str +2) [potion of mutation]
   189 | D        | Noticed an obsidian statue
   207 | D        | Found an iron altar of Okawaru.
   209 | D        | Found a corrupted altar of Lugonu.
   209 | D        | Found a viscous altar of Jiyva.
   210 | D        | Found a sparkling altar of Nemelex Xobeh.
   210 | D        | Found a basalt altar of Yredelemnul.
   211 | D        | Found a roughly hewn altar of Beogh.
   211 | D        | Found a burning altar of Makhleb.
   212 | D        | Found a white marble altar of Elyvilon.
   212 | D        | Found a blossoming altar of Fedhas.
   212 | D        | Found a stormy altar of Qazlal.
   213 | D        | Found a bloodstained altar of Trog.
   213 | D        | Found a deep blue altar of Sif Muna.
   213 | D        | Found a shadowy altar of Dithmenos.
   214 | D        | Found a radiant altar of Vehumet.
   214 | D        | Found a sacrificial altar of Ru.
   214 | D        | Found a snail-covered altar of Cheibriados.
   215 | D        | Found a glowing golden altar of the Shining One.
   215 | D        | Found a shimmering altar of Xom.
   216 | D        | Found an opulent altar of Gozag.
   216 | D        | Found an oddly glowing altar of Pakellas.
   218 | D        | Found a glowing silver altar of Zin.
   218 | D        | Found an ancient bone altar of Kikubaaqudgha.
   226 | D        | Fell from the grace of Trog
   226 | D        | Became a worshipper of Jiyva Jodeumit the Shapeless
   266 | D        | Noticed a yaktaur
   266 | D        | Noticed a polar bear
   267 | D        | Noticed a polar bear
   268 | D        | Noticed a polar bear
   288 | D        | Killed a yaktaur
   288 | D        | Reached skill level 11 in Fighting
   288 | D        | Reached skill level 10 in Long Blades
   293 | D        | HP: 2/74 [polar bear (2)]
   296 | D        | Succumbed to a wasp's poison

Skill      XL: |  1  2  3  4  5  6  7 |
---------------+----------------------+-----
Fighting       | 7 8 9 10 11 | 11.1
Long Blades    | 6 7 8 9 10 | 10.4
Dodging        | 5 7 8 9 |  9.9

Action                   |  1- 3 |  4- 6 |  7- 9 || total
-------------------------+-------+-------+-------++-------
Melee: Falchion          |     5 |    27 |    15 ||    47
       Tailslap          |     1 |     7 |     1 ||     9
Invok: Berserk           |     1 |     1 |       ||     2
 Abil: Breathe Frost     |       |       |     1 ||     1
  Use: Potion            |       |       |     8 ||     8
Armor: Skin              |     1 |     3 |    10 ||    14
Dodge: Dodged            |     4 |     9 |    41 ||    54
